Map: Echo LE (Void)

Players

Drager

  • Race: Protoss Protoss
  • Spawn Location: 5:00

DeMusliM - Winner!

  • Race: Terran Terran
  • League: Master
  • Spawn Location: 11:00

Event: WESG 2016 Finals

VOD

Have the link to the VOD?

Description

Time

  • Played on: Jan. 12, 2017, 6:05 a.m.
  • Length: 8:57

All games in this series

Show
View Real Time Build Order
Export as new Build Order

Drager Protoss 

Build Orders: 1 Gate Expand, Blink Stalkers 

Get SALT Encoding   

  12  0:00  Probe (Chrono Boost)  
  13  0:11  Probe (Chrono Boost)  
  14  0:18  Pylon  
  14  0:22  Probe (Chrono Boost)  
  15  0:36  Probe (Chrono Boost)  
  15  0:37  Gateway  
  16  0:45  Assimilator  
  16  0:46  Probe (Chrono Boost)  
  18  0:57  Probe (Chrono Boost)  
  18  1:07  Probe (Chrono Boost)  
  19  1:18  Nexus  
  19  1:30  Cybernetics Core  
  19  1:31  Probe (Chrono Boost)  
  20  1:38  Assimilator  
  20  1:42  Probe (Chrono Boost)  
  20  1:46  Pylon  
  21  1:52  Probe (Chrono Boost)  
  22  2:07  Mothership Core (Chrono Boost), Adept  
  26  2:15  Warp Gate  
  26  2:25  Probe (Chrono Boost)  
  27  2:35  Probe (Chrono Boost)  
  27  2:36  Probe (Chrono Boost)  
  29  2:37  Robotics Facility  
  29  2:46  Probe (Chrono Boost)  
  29  2:47  Probe (Chrono Boost)  
  31  2:56  Probe (Chrono Boost)  
  31  2:57  Probe (Chrono Boost)  
  33  3:03  Twilight Council  
  33  3:07  Probe (Chrono Boost)  
  33  3:08  Probe (Chrono Boost)  
  35  3:17  Probe (Chrono Boost)  
  35  3:18  Probe (Chrono Boost)  
  37  3:20  Gateway  
  37  3:22  Gateway  
  37  3:25  Observer  
  37  3:26  Blink  
  38  3:28  Probe (Chrono Boost)  
  38  3:29  Probe (Chrono Boost)  
  38  3:30  Pylon  
  40  3:37  Pylon  
  40  3:38  Probe (Chrono Boost)  
  40  3:40  Probe (Chrono Boost)  
  42  3:49  Observer, Probe (Chrono Boost)  
  42  3:52  Assimilator  
  42  3:53  Probe (Chrono Boost)  
  45  4:00  Probe (Chrono Boost)  
  46  4:03  Pylon  
  46  4:05  Probe (Chrono Boost)  
  47  4:10  Probe (Chrono Boost)  
  48  4:19  Stalker x3  
  48  4:22  Probe (Chrono Boost)  
  53  4:27  Probe (Chrono Boost)  
  52  4:34  Nexus  
  52  4:38  Probe (Chrono Boost)  
  54  4:39  Probe (Chrono Boost)  
  54  4:45  Observer  
  55  4:52  Stalker x3  
  57  4:58  Probe x2 (Chrono Boost)  
  62  5:09  Probe (Chrono Boost)  
  62  5:10  Probe (Chrono Boost)  
  64  5:16  Immortal  
  64  5:20  Probe (Chrono Boost)  
  70  5:23  Probe (Chrono Boost)  
  70  5:24  Resonating Glaives  
  70  5:25  Pylon  
  70  5:26  Pylon  
  70  5:41  Pylon  
  70  5:43  Probe (Chrono Boost)  
  70  5:45  Stalker x3, Probe (Chrono Boost)  
  78  5:53  Gateway  
  78  5:55  Gateway, Immortal  
  82  6:01  Gateway  
  82  6:05  Gateway  
  82  6:07  Gateway  
  82  6:13  Sentry x2, Adept  
  88  6:20  Pylon  
  88  6:31  Pylon  
  88  6:40  Adept x3  
  94  7:01  Adept x5  
  98  7:15  Stalker x3  
  87  7:23  Stalker x4  
  87  7:28  Adept  
  72  7:49  Adept x8  
  68  8:02  Immortal  
  72  8:11  Adept x4  
  80  8:15  Probe (Chrono Boost)  
  80  8:16  Assimilator  
  80  8:17  Probe (Chrono Boost)  
  80  8:18  Nexus, Adept  
  80  8:19  Adept x2  
  88  8:24  Adept  
  90  8:29  Probe (Chrono Boost)  
  90  8:33  Stalker  
  91  8:35  Adept x2  
  91  8:40  Adept  
  97  8:43  Adept  
Show
View Real Time Build Order
Export as new Build Order

DeMusliM Terran - Winner!

Build Orders: Reaper Expand, MMM Bio 

Get SALT Encoding   

  12  0:01  SCV  
  13  0:13  SCV  
  14  0:17  Supply Depot  
  14  0:25  SCV  
  15  0:29  Refinery  
  15  0:39  SCV  
  16  0:45  Barracks  
  16  0:51  SCV  
  17  1:03  SCV  
  18  1:15  SCV  
  19  1:31  Orbital Command  
  19  1:32  Reaper  
  20  1:40  Command Center  
  20  1:57  Factory  
  20  1:58  SCV  
  20  2:00  Refinery  
  21  2:10  SCV  
  21  2:14  Supply Depot  
  22  2:16  Barracks Reactor  
  22  2:22  SCV  
  23  2:35  SCV  
  24  2:42  Starport  
  24  2:43  Widow Mine  
  26  2:47  SCV  
  27  2:57  Marine x2  
  29  2:59  Orbital Command  
  29  3:00  SCV  
  30  3:12  SCV  
  30  3:14  Cyclone  
  30  3:19  Medivac  
  35  3:21  Marine x2  
  35  3:24  SCV  
  35  3:25  Supply Depot  
  39  3:27  SCV  
  39  3:36  SCV  
  39  3:38  Marine x2  
  39  3:39  SCV  
  43  3:42  Barracks  
  43  3:48  Supply Depot  
  43  3:52  SCV x2  
  43  3:55  Factory Tech Lab  
  45  3:58  Marine  
  45  3:59  Marine  
  47  4:04  SCV x2  
  47  4:09  Starport Tech Lab  
  49  4:12  Supply Depot  
  49  4:16  SCV  
  49  4:17  SCV  
  51  4:22  Marine x2  
  53  4:29  SCV x2  
  53  4:33  Siege Tank  
  53  4:35  Barracks, Engineering Bay  
  56  4:39  Starport Reactor  
  56  4:40  Marine, Stimpack  
  56  4:41  SCV x2  
  56  4:43  Marine x2  
  61  4:47  Supply Depot  
  61  4:49  Refinery  
  61  4:53  Refinery, SCV x2  
  61  4:58  Marine  
  64  5:01  Marine  
  64  5:05  SCV x2, Siege Tank  
  64  5:06  Supply Depot  
  70  5:10  Terran Infantry Weapons Level 1  
  70  5:19  SCV  
  70  5:21  SCV  
  72  5:25  Supply Depot  
  72  5:27  Medivac  
  74  5:32  Marine x2, SCV, Marauder  
  72  5:37  Supply Depot  
  72  5:42  Marauder, Combat Shields  
  74  5:47  Supply Depot  
  74  5:48  Factory Reactor  
  74  5:49  Supply Depot  
  74  5:50  Marine x2, Liberator  
  74  5:54  Marauder, Medivac  
  80  5:57  SCV x2  
  80  6:03  Marauder  
  84  6:08  Marine x2  
  84  6:10  Supply Depot  
  89  6:11  Supply Depot  
  89  6:14  Liberator  
  89  6:19  Marauder  
  89  6:23  SCV x2  
  91  6:28  Widow Mine x2  
  91  6:32  Command Center  
  96  6:40  SCV x2, Concussive Shells  
  96  6:42  Marauder x2, Marine x2  
  101  7:04  Marine  
  101  7:05  Marine, Marauder x2  
  101  7:07  Widow Mine x2  
  111  7:08  Liberator  
  110  7:22  Barracks x2, Marine x2  
  108  7:26  Marauder x2  
  117  7:41  SCV x2  
  103  7:44  Marine x2  
  103  7:45  Widow Mine x2  
  103  7:48  Marauder x2  
  107  7:53  SCV x2, Orbital Command  
  107  8:02  Marine x2  
  107  8:05  SCV x2  
  107  8:09  Marauder  
  109  8:13  Armory, Engineering Bay  
  109  8:17  SCV x2  
  111  8:21  Widow Mine x2  
  111  8:22  Barracks Tech Lab, Barracks Reactor  
  115  8:35  Marine x2, Marauder  
  115  8:36  Marauder  
  125  8:43  Refinery x2  
Tags
 
Add a new tag
Caveats
  • Supply blocks, unpowered buildings, or Contaminate may cause inaccurate times.
  • Supply counts are checked every 10 seconds.